 Dungeon Crawl Stone Soup version 0.28.0-47-ge53b351184 (webtiles) character file.

Game seed: 6646896505869619845

395 bobregger the Cudgeller (level 6, -1/93 HPs)
             Began as an Ogre Berserker on Apr 26, 2022.
             Was a Believer of Trog.
             Slain by an orc
             ... wielding a +0 war axe
              (8 damage)
             ... on level 4 of the Dungeon.
             The game lasted 00:04:51 (4559 turns).

bobregger the Cudgeller (Ogre Berserker)            Turns: 4559, Time: 00:04:51

Health: -1/93      AC:  4    Str: 22    XL:     6   Next: 82%
Magic:  6/6        EV: 10    Int:  8    God:    Trog [**....]
Gold:   207        SH:  0    Dex: 10    Spells: 5/5 levels left

rFire   . . .      SeeInvis .   n - +0 flail
rCold   . . .      Faith    .   (no shield)
rNeg    + . .      Spirit   .   b - +0 animal skin
rPois   .          Reflect  .   (helmet restricted)
rElec   .          Harm     .   m - +0 cloak
rCorr   .          Rampage  .   (gloves unavailable)
Will    ++...                   (boots unavailable)
Stlth   ..........              (no amulet)
HPRegen 1.25/turn               g - ring of positive energy
MPRegen 0.10/turn               (no ring)

@: berserking (expiring), strong-willed, regenerating, very quick
A: large, unfitting armour, tough skin 1
a: Renounce Religion, Berserk, Trog's Hand


You were on level 4 of the Dungeon.
You worshipped Trog.
Trog was pleased with you.
You visited 1 branch of the dungeon, and saw 4 of its levels.

You collected 207 gold pieces.

Inventory:

Hand Weapons
 n - a +0 flail (weapon)
Armour
 b - a +0 animal skin (worn)
 m - a +0 cloak (worn)
Jewellery
 g - a ring of positive energy (left hand)
 o - an amulet of magic regeneration
Wands
 l - a wand of flame (25)
Scrolls
 c - 2 scrolls of amnesia {unknown}
 d - 2 scrolls of teleportation {unknown}
 e - a scroll of acquirement {unknown}
 h - a scroll of vulnerability {unknown}
 j - 2 scrolls of fog {unknown}
Potions
 a - a potion of haste {unknown}
 f - a potion of resistance {unknown}
 i - a potion of curing {unknown}
 k - a potion of heal wounds {unknown}
 p - 2 potions of attraction {unknown}


   Skills:
 - Level 4.0 Fighting
 + Level 6.8 Maces & Flails
 - Level 2.6 Dodging


You had 5 spell levels left.
You didn't know any spells.
Your spell library was empty.

Dungeon Overview and Level Annotations

Branches:
Dungeon (4/15)
 Temple: D:4-7

Altars:
Uskayaw
Wu Jian


Innate Abilities, Weirdness & Mutations

You are too large for most types of armour.
You have tough skin. (AC +1)


Message History

You hit something but do no damage. Something hits you but does no damage.
Okay, then.
Your skin crawls.
You feel strong-willed.
You hear some strange, mumbled words.
A magic dart appears from out of thin air!
The magic dart hits you!
* * * LOW HITPOINT WARNING * * *
You hear some strange, mumbled words.
A puff of flame appears from out of thin air!
The puff of flame hits you!
* * * LOW HITPOINT WARNING * * *
A red film seems to cover your vision as you go berserk!
You feel yourself moving faster!
You feel mighty! Something hits you but does no damage.
You sock something! Trog accepts your kill.
Trog appreciates your killing of a magic user.
Reactivating autopickup.
You feel a bit more experienced.
You bludgeon the endoplasm!!
You kill the endoplasm!
Trog accepts your kill.
You hear some strange, mumbled words.
A magic dart appears from out of thin air!
Deactivating autopickup; reactivate with Ctrl-A.
The magic dart hits you.
* * * LOW HITPOINT WARNING * * *
Items here: )))) [[ ††††.
You miss something. The orc misses you. Something completely misses you.
You barely miss something. The orc hits you with a +0 war axe.
* * * LOW HITPOINT WARNING * * *
Something hits you but does no damage.
You closely miss something. The orc barely misses you.
You hit something. Something hits you but does no damage.
You closely miss something. The orc hits you with a +0 war axe!
* * * LOW HITPOINT WARNING * * *
Something hits you but does no damage.
You closely miss something. The orc hits you with a +0 war axe!
You die...

#. .....#.... ##### #
#.#.##..... .....## #
#.##..### .......
#.#..##(( .......
#.#..#(#( .......
####.#..#((# .......
####.......#(#.
......o###....#.....##..
.....o{@).$####..##.###.
......###### #..##.#S##
..... #####.#... .$.. .#
._ ... .. . .. .. .


You could see 2 orcs.

Vanquished Creatures
  Crazy Yiuf (D:3)
  Jessica (D:2)
  2 iguanas (D:4)
  Natasha (thrice) (D:2)
  3 orc wizards (D:4)
  3 gnolls
  5 adders
  A worm (D:4)
  9 orcs
  5 bats
  9 endoplasms
  4 giant cockroaches
  4 hobgoblins
  3 jackals (D:1)
  2 quokkas
  4 ball pythons
  3 frilled lizards
  9 goblins
  2 kobolds
  A quokka skeleton (D:3)
  A rat (D:2)
75 creatures vanquished.

Notes
Turn   | Place    | Note
-------+----------+-------------------------------------------
     0 | D:1      | bobregger the Ogre Berserker began the quest for the Orb.
     0 | D:1      | Reached XP level 1. HP: 24/24 MP: 1/1
   167 | D:1      | Reached skill level 3 in Maces & Flails
   295 | D:1      | Found a faded altar of an unknown god.
   352 | D:1      | Reached XP level 2. HP: 32/32 MP: 2/2
   781 | D:2      | Reached XP level 3. HP: 19/39 MP: 3/3
  1543 | D:2      | Reached skill level 4 in Maces & Flails
  1626 | D:2      | Noticed Natasha
  1633 | D:2      | Killed Natasha
  1634 | D:2      | Reached XP level 4. HP: 39/48 MP: 4/4
  2062 | D:2      | Noticed Jessica
  2065 | D:2      | Killed Jessica
  2393 | D:2      | Reached skill level 5 in Maces & Flails
  2538 | D:2      | Noticed Natasha
  2545 | D:2      | Killed Natasha
  2546 | D:2      | Reached XP level 5. HP: 33/54 MP: 5/5
  2819 | D:2      | Noticed Natasha
  2835 | D:2      | Killed Natasha
  3255 | D:3      | Found a runed translucent door.
  3256 | D:3      | Noticed Crazy Yiuf
  3341 | D:3      | Killed Crazy Yiuf
  3547 | D:2      | Reached XP level 6. HP: 36/62 MP: 6/6
  3695 | D:3      | Reached skill level 6 in Maces & Flails
  4001 | D:3      | Reached ** piety under Trog
  4258 | D:4      | Found an ornate altar of the Wu Jian Council.
  4314 | D:4      | Noticed a +0 dagger
  4314 | D:4      | Noticed a +0 falchion
  4314 | D:4      | Noticed a +0 dagger
  4314 | D:4      | Noticed a +0 short sword
  4314 | D:4      | Noticed a +0 spear
  4314 | D:4      | Noticed a +0 spear
  4314 | D:4      | Noticed a +0 falchion
  4317 | D:4      | Noticed a +0 short sword
  4497 | D:4      | Found a hide-covered altar of Uskayaw.
  4559 | D:4      | Slain by an orc

Illustrated notes

Levels and vault maps discovered:
D:1:      dpeg_arrival_arbitrary_b, layout_rooms,
          shapermc_ecumenical_altar_starsandcircs,
          amcnicky_mini_corridor_feature
D:2:      layout_basic, uniq_natasha, uniq_jessica
D:3:      layout_rooms, kennysheep_generic_room_15, uniq_crazy_yiuf_cottage
D:4:      layout_rooms, mainiacjoe_overflow_alcove_4, nicolae_uskayaw_en_pointe,
          serial_shops, shop, minmay_goblin_outpost, uniq_sigmund

Skill      XL: |  1  2  3  4  5  6 |
---------------+-------------------+-----
Maces & Flails | 3 4 5 6 |  6.8
Fighting       | |  4.0
Dodging        | |  2.6

Action                   |  1- 3 |  4- 6 || total
-------------------------+-------+-------++-------
Melee: Mace              |    70 |   103 ||   173
       Punch             |     1 |     2 ||     3
       Flail             |       |   120 ||   120
Invok: Berserk           |     2 |     4 ||     6
       Trog's Hand       |       |     1 ||     1
 Stab: Sleeping          |       |     1 ||     1
Armor: Animal skin       |    38 |    65 ||   103
Dodge: Dodged            |    49 |   122 ||   171
